 Dungeon Crawl Stone Soup version 0.21-a0-529-g8c7b3f5 (webtiles) character file.

245 Astral24 the Skirmisher (level 5, -1/42 HPs)
             Began as a Demonspawn Abyssal Knight on Dec 10, 2017.
             Was a Believer of Lugonu.
             Slain by Eustachio
             ... wielding a +6 rapier of draining
              (6 damage)
             ... on level 4 of the Dungeon.
             The game lasted 00:21:48 (4288 turns).

Astral24 the Skirmisher (Demonspawn Abyssal Knight) Turns: 4288, Time: 00:21:50

Health: -1/42      AC:  9    Str: 13    XL:     5   Next: 83%
Magic:  0/7        EV:  3    Int: 13    God:    Lugonu [**....]
Gold:   195        SH: 14    Dex: 13    Spells: 6/6 levels left

rFire    . . .     SeeInvis .   a - +1 falchion
rCold    . . .     Gourm    .   u - +0 large shield
rNeg     . . .     Faith    .   f - +0 scale mail
rPois    .         Spirit   +   (helmet restricted)
rElec    .         Reflect  .   (no cloak)
rCorr    .         Harm     .   y - +2 pair of gloves
MR       .....                  (no boots)
Stlth    ..........             (no amulet)
HPRegen  0.14/turn              (no ring)
MPRegen  0.10/turn              (no ring)

@: heavily drained
A: antennae 1, large bone plates 1, magic shield
a: Depart the Abyss, Bend Space, Renounce Religion


You were on level 4 of the Dungeon.
You worshipped Lugonu.
Lugonu was pleased with you.
You were not hungry.

You visited 1 branch of the dungeon, and saw 4 of its levels.
You visited the Abyss 1 time.

You collected 195 gold pieces.

Inventory:

Hand Weapons
 a - a +1 falchion (weapon)
 j - a +0 arbalest
 l - a +0 whip of flaming
 t - a +3 hunting sling
Missiles
 h - 75 stones (quivered)
 n - 6 javelins
 w - 33 poisoned needles
 x - 5 curare-tipped needles
 z - 27 bolts
Armour
 b - a +0 leather armour
 f - a +0 scale mail (worn)
 k - a +0 robe
 u - a +0 large shield (worn)
 y - a +2 pair of gloves (worn)
Wands
 g - a wand of digging (17)
Scrolls
 e - a scroll of remove curse
 i - a scroll of magic mapping
 m - 4 scrolls of identify
Potions
 p - a potion of brilliance
Comestibles
 q - a fruit
 v - 3 bread rations


   Skills:
 + Level 3.9(1.2) Fighting
 * Level 3.6(0.9) Long Blades
 + Level 1.5(0.0) Slings
 + Level 1.8(0.0) Armour
 + Level 1.8(0.0) Dodging
 + Level 0.5(0.0) Stealth
 + Level 0.5(0.0) Shields
 * Level 1.3(0.0) Spellcasting
 + Level 2.7(0.1) Invocations


You had 6 spell levels left.
You didn't know any spells.

Dungeon Overview and Level Annotations

Branches:
Dungeon (4/15)
 Temple: D:4-7

Altars:
Fedhas
Hepliaklqana
Nemelex Xobeh
Sif Muna
Uskayaw

Annotations:
D:4 Eustachio


Innate Abilities, Weirdness & Mutations

You have a pair of small antennae on your head.
You are partially covered in large bone plates. (SH +4)
When hurt, damage is shared between your health and your magic reserves.


Message History

Eustachio hits you with a rapier of draining.
* * * LOW HITPOINT WARNING * * *
You feel drained.
Your shield prevents you from hitting Eustachio.
Eustachio is severely wounded.
You block Eustachio's attack.
Eustachio gestures wildly while chanting.
Eustachio blinks!
Your magical contamination has completely faded away.
You hit Eustachio but do no damage.
Eustachio is severely wounded.
Eustachio casts a spell.
Eustachio mumbles some strange words.
You hit Eustachio.
Eustachio is severely wounded.
The quasit bites you but does no damage.
You block the quasit's attack. x2
The quasit bites you but does no damage.
The quasit claws you but does no damage. x2
Eustachio hits you with a rapier of draining!
You die...

#.#..###.####.##..
#..............#.#
######............#.####
.........#..###.#.#.....
######.###..........###
#.# ##...........# #.#
#####.#.#.#.# #.#
######@#.#?#.##### #..
......5@5#........ #.#
######555#..##.##. #.#
###.#..##.##..
#.#......... #.##.##.##.
####.##.##.##.
#..$...........
#..............
#....#####.####


You could see Eustachio, 2 quasits, a crimson imp, a white imp and a shadow imp.

Vanquished Creatures
  A centaur (D:3)
  An iguana (D:4)
  A worker ant (D:4)
  3 adders
  An ooze (D:3)
  A worm (D:2)
  3 dart slugs
  4 leopard geckos
  5 orcs (D:3)
  6 bats
  3 giant cockroaches
  8 goblins
  10 hobgoblins
  3 jackals (D:3)
  2 quokkas
  A ball python (D:2)
  4 frilled lizards
  9 kobolds
  4 rats
70 creatures vanquished.

Notes
Turn   | Place    | Note
-------+----------+-------------------------------------------
     0 | Abyss:1  | Astral24 the Demonspawn Abyssal Knight began the quest for the Orb.
     0 | Abyss:1  | Reached XP level 1. HP: 18/18 MP: 2/2
    69 | Abyss:2  | Noticed a large abomination
    79 | Abyss:2  | Noticed an iron imp
    92 | Abyss:2  | Noticed a large abomination
    94 | D:1      | Escaped the Abyss
   228 | D:1      | Reached * piety under Lugonu
   290 | D:1      | Gained mutation: You are partially covered in large bone plates. (SH +4) [demonic ancestry]
   290 | D:1      | Reached XP level 2. HP: 23/24 MP: 4/4
   308 | D:1      | Reached skill level 1 in Dodging
   536 | D:1      | Reached XP level 3. HP: 15/29 MP: 5/5
   853 | D:2      | Found a hazy altar of Hepliaklqana.
   894 | D:2      | HP: 1/29 [worm (7)]
  1392 | D:2      | Found a hide-covered altar of Uskayaw.
  1559 | D:2      | Found a blossoming altar of Fedhas.
  2010 | D:2      | Gained mutation: You have a pair of small antennae on your head. [demonic ancestry]
  2010 | D:2      | Reached XP level 4. HP: 9/37 MP: 6/6
  2556 | D:3      | Found a deep blue altar of Sif Muna.
  2608 | D:3      | Reached ** piety under Lugonu
  2958 | D:3      | Noticed a centaur
  2965 | D:3      | Killed a centaur
  2965 | D:3      | Reached skill level 1 in Spellcasting
  2965 | D:3      | Gained mutation: When hurt, damage is shared between your health and your magic reserves. [demonic ancestry]
  2965 | D:3      | Reached XP level 5. HP: 9/42 MP: 7/7
  3452 | D:4      | Reached skill level 1 in Slings
  3717 | D:4      | Found a sparkling altar of Nemelex Xobeh.
  4186 | D:4      | Noticed Eustachio
  4288 | D:4      | Slain by Eustachio

Vault maps used:
D:1:      saegor_arrival_simple_b
D:2:      lemuel_round_altar, fedhas_altar_1, lemuel_crystal_altar
D:3:      lemuel_crystal_altar, first_bread
D:4:      nemelex_xobeh_ov_fountains_minmay, nicolae_ashenzari_panopticon,
          uniq_eustachio

Skill      XL: |  1  2  3  4  5 |
---------------+----------------+-----
Dodging        | 1 |  1.8
Long Blades    | 2 3 |  3.6
Spellcasting   | 1 |  1.3
Slings         | 1 |  1.5
Fighting       | |  3.9
Armour         | |  1.8
Stealth        | |  0.5
Shields        | |  0.5
Invocations    | |  2.7

Action                   |  1- 3 |  4- 6 || total
-------------------------+-------+-------++-------
Melee: Falchion          |   121 |   121 ||   242
 Fire: Hunting sling     |       |    46 ||    46
Throw: Stone             |     6 |       ||     6
Invok: Depart the Abyss  |     1 |       ||     1
  Use: Scroll            |     4 |     3 ||     7
       Potion            |     2 |     4 ||     6
  Eat: Chunk             |     2 |       ||     2
       Bread ration      |       |     1 ||     1
       Meat ration       |       |     1 ||     1
Armor: Scale mail        |     7 |    35 ||    42
       Robe              |    22 |    14 ||    36
       Skin              |       |    68 ||    68
Dodge: Dodged            |    75 |    61 ||   136
Block: Other             |    24 |     8 ||    32
       Large shield      |       |   107 ||   107
       Rpst.: Falchion   |    18 |    17 ||    35

Table legend:
 A = Spawn XP
 B = Non-spawn XP
 C = Spawn XP percentage of total XP
 D = Spawn monster count
 E = Non-spawn monster count
 F = Spawn count percentage of total count
 G = Total turns spent on level
                    A         B        C        D         E        F      G
               +---------+---------+-------+---------+---------+-------+---------
         Total |       0 |     350 |   0.0 |       0 |      70 |   0.0 |  4288
               +---------+---------+-------+---------+---------+-------+---------
           D:1 |       0 |      43 |   0.0 |       0 |      23 |   0.0 |   678
           D:2 |       0 |      65 |   0.0 |       0 |      22 |   0.0 |  1744
           D:3 |       0 |     161 |   0.0 |       0 |      21 |   0.0 |  1154
           D:4 |       0 |      81 |   0.0 |       0 |       4 |   0.0 |   618
               +---------+---------+-------+---------+---------+-------+---------
